 Dungeon Crawl Stone Soup version 0.26.0-10-g1f06aea511 (webtiles) character file.

Game seed: 11178460390659959033

18 dracos369 the Gusty (level 2, -14/15 HPs)
             Began as a Kobold Air Elementalist on Jan 20, 2021.
             Demolished by an ogre
             ... wielding a +0 giant spiked club
              (29 damage)
             ... on level 2 of the Dungeon.
             The game lasted 00:02:42 (1095 turns).

dracos369 the Gusty (Kobold Air Elementalist)       Turns: 1095, Time: 00:02:42

Health: -14/15     AC:  2    Str:  5    XL:     2   Next: 90%
Magic:  0/5        EV: 15    Int: 16    God:
Gold:   54         SH:  0    Dex: 15    Spells: 4/5 levels left

rFire    . . .     SeeInvis .   h - +0 falchion
rCold    . . .     Faith    .   (shield restricted)
rNeg     . . .     Spirit   .   a - +0 robe
rPois    .         Reflect  .   (no helmet)
rElec    .         Harm     .   (no cloak)
rCorr    .         Rampage  .   (no gloves)
Will     .....                  (no boots)
Stlth    +++.......             (no amulet)
HPRegen  0.05/turn              (no ring)
MPRegen  0.09/turn              (no ring)

@: no status effects
A: small, nightstalker 3
a: no special abilities


You were on level 2 of the Dungeon.
You visited 1 branch of the dungeon, and saw 2 of its levels.

You collected 54 gold pieces.

Inventory:

Hand Weapons
 d - a +0 whip
 h - a +0 falchion (weapon)
Armour
 a - a +0 robe (worn)
Scrolls
 c - a scroll of enchant weapon {unknown}
 e - 3 scrolls of identify {unknown}
 g - a scroll of blinking {unknown}
Potions
 b - a potion of degeneration {unknown}
 f - a potion of haste {unknown}
 i - a potion of might {unknown}


   Skills:
 - Level 2.4 Dodging
 - Level 2.6 Stealth
 - Level 2.1 Spellcasting
 + Level 1.9 Conjurations
 + Level 3.4 Air Magic


You had 4 spell levels left.
You knew the following spells:

 Your Spells              Type           Power        Failure   Level
a - Shock                 Conj/Air       40%          7%          1

Your spell library contained the following spells:

 Spells                   Type           Power        Failure   Level
 Swiftness                Air            12%          8%          2
 Static Discharge         Conj/Air       10%          21%         3
 Airstrike                Air            6%           43%         4
 Lightning Bolt           Conj/Air       5%           88%         5


Dungeon Overview and Level Annotations

Branches:
Dungeon (2/15)

Altars:


Innate Abilities, Weirdness & Mutations

You are small and have problems with some larger weapons.
You are completely attuned to the shadows.


Message History

Press: ? - help, Q - select action Shift-Dir - straight line The zap hits the ogre.
The ogre is heavily wounded.
The ogre closely misses you.
You riposte.
You hit the ogre but do no damage.
The ogre is heavily wounded.
Aiming: Shock (safe; 7% risk of failure)
Press: ? - help, Q - select action Shift-Dir - straight line The zap hits the ogre.
The ogre is heavily wounded.
Unknown command.
Aiming: Shock (safe; 7% risk of failure)
Press: ? - help, Q - select action Shift-Dir - straight line The zap hits the ogre.
The ogre is severely wounded.
The ogre completely misses you.
You don't have enough magic to cast that spell.
Unknown command.
The ogre hits you with a +0 giant spiked club!!
Ouch! That really hurt!
You die...

#...## ..###.###
##..### #.#....
##..##.# .###.#.#
# .....#.# .#
..##.O..##.#
....@...##.# #.#
.........#.## #.#
............# #.#
#........#..#
#.####
####...###..#
#.....
........####.....
#####..........
###########


You could see an ogre.

Vanquished Creatures
  A dart slug (D:2)
  A leopard gecko (D:1)
  A goblin (D:1)
  2 hobgoblins (D:1)
  2 kobolds (D:1)
  7 bats
  A rat (D:1)
15 creatures vanquished.

Vanquished Creatures (others)
  A quokka (D:2)
  A rat (D:2)
2 creatures vanquished.

Grand Total: 17 creatures vanquished

Notes
Turn   | Place    | Note
-------+----------+-------------------------------------------
     0 | D:1      | dracos369 the Kobold Air Elementalist began the quest for
                  | the Orb.
     0 | D:1      | Reached XP level 1. HP: 10/10 MP: 3/3
   218 | D:1      | Reached XP level 2. HP: 11/15 MP: 0/5
   347 | D:1      | You fall into a shaft and drop 1 floor!
  1081 | D:2      | Noticed an ogre
  1095 | D:2      | Demolished by an ogre

Illustrated notes

Levels and vault maps discovered:
D:1:      dpeg_arrival_water_temple_mockup, layout_basic, minmay_pentomino_t2
D:2:      layout_loops_ring, lemuel_old_faithful, uniq_sigmund

Action                   || total
-------------------------++-------
Melee: Unarmed           ||     5
       Whip              ||     6
 Cast: Shock             ||    39
Armor: Robe              ||     3
Dodge: Dodged            ||    20
       Rpst.: Falchion   ||     1
